 Dungeon Crawl Stone Soup version 0.19-a0-75-g99403da (webtiles) character file.

10635 Duffy the Grappler (level 11, 0/94 HPs)
             Began as a Minotaur Monk on May 10, 2016.
             Was a High Priest of Cheibriados.
             Slain by an orc warrior
             ... wielding a +0 glaive
              (10 damage)
             ... on level 11 of the Dungeon.
             The game lasted 00:13:43 (12554 turns).

Duffy the Grappler (Minotaur Monk)                 Turns: 12554, Time: 00:13:43

Health: 0/94       AC: 16    Str: 29    XL:     11   Next: 38%
Magic:  14/14      EV: 17    Int: 24    God:    Cheibriados [*****.]
Gold:   688        SH:  0    Dex: 28    Spells: 0 memorised, 10 levels left

rFire  . . .     SeeInvis .       - Unarmed
rCold  + . .     Gourm    .     L - -1 chain mail (curse)
rNeg   . . .     Faith    .     (no shield)
rPois  .         Spirit   .     (helmet restricted)
rElec  .         Dismiss  .     y - +2 cloak {+Inv}
rCorr  .         Reflect  .     M - +0 pair of gloves
SustAt .         Harm     .     F - +0 pair of boots
MR     .....                    (no amulet)
Stlth  ..........               (no ring)
                                (no ring)

@: very slow, not resistant to hostile enchantments, extremely unstealthy
A: retaliatory headbutt, horns 2, cold resistance 1
a: Bend Time, Temporal Distortion, Slouch, Step From Time, Renounce Religion,
Evoke Invisibility


You were on level 11 of the Dungeon.
You worshipped Cheibriados.
Cheibriados was extremely pleased with you.
You were not hungry.

You visited 2 branches of the dungeon, and saw 12 of its levels.
You also visited: Sewer.

You collected 886 gold pieces.
You spent 198 gold pieces at shops.


Innate Abilities, Weirdness & Mutations

You reflexively headbutt those who attack you in melee.
You have a pair of horns on your head.
Your flesh is cold resistant.


   Skills:
 - Level 8.0 Fighting
 + Level 9.2 Armour
 - Level 7.8 Dodging
 - Level 1.5 Stealth
 - Level 12.3 Unarmed Combat
 + Level 6.5 Invocations
 - Level 5.0 Evocations


You had 10 spell levels left.
You didn't know any spells.

Inventory:

Missiles
 t - 70 poisoned needles
 G - a throwing net (quivered)
Armour
 p - a +0 plate armour
 y - a +2 cloak of invisibility (worn)
 F - a +0 pair of boots (worn)
 L - a cursed -1 chain mail (worn)
 M - a +0 pair of gloves (worn)
Jewellery
 a - an uncursed ring of flight
Wands
 d - a wand of flame (22/48)
 e - a wand of lightning (7/15)
 v - a wand of flame (9/48)
 w - a wand of lightning (6/15)
 K - a wand of disintegration (8/24)
Scrolls
 c - 8 scrolls of teleportation
 i - a scroll of remove curse
 j - 2 scrolls of fog
 k - 6 scrolls of blinking
 l - a scroll of identify
 s - a scroll of fear {unknown}
 u - 2 scrolls of recharging
 z - a scroll of amnesia {unknown}
 D - 2 scrolls of enchant armour
 E - 2 scrolls of magic mapping {unknown}
 N - a scroll of immolation {unknown}
Potions
 f - a potion of mutation {unknown}
 g - 4 potions of flight
 m - a potion of might
 q - a potion of invisibility
 x - a potion of ambrosia
 C - 3 potions of curing
 H - 2 potions of agility
 I - a potion of magic
 J - a potion of resistance
Books
 o - a book of Necromancy
Miscellaneous
 B - a fan of gales
Comestibles
 b - 10 bread rations
 h - 10 meat rations
 n - 9 beef jerkies
 r - a slice of pizza
 A - 9 royal jellies

Dungeon Overview and Level Annotations

Branches:
Dungeon (11/15)            Temple (1/1) D:7            Lair (0/8) D:10
    Orc: D:9-12

Altars:
Ashenzari
Cheibriados
Dithmenos
Elyvilon
Fedhas
Gozag
Kikubaaqudgha
Makhleb
Nemelex Xobeh
Okawaru
Pakellas
Qazlal
Ru
Sif Muna
Trog
Vehumet
Xom
Yredelemnul
Zin
The Shining One

Shops:
D:4 }   D:6 ?


Message History

You are too confused!
You are too confused!
You are too confused!
You are too confused!
You are too confused!
You are too confused!
You are too confused!
You are too confused!
You are too confused!
You are too confused!
You are too confused!
You are too confused!
You hit something but do no damage. You headbutt something!
Cheibriados thoroughly appreciates the change of pace.
Cheibriados raises the support of your attributes as your movement slows.
Reactivating autopickup.
You feel a bit more experienced. The orc warrior hits you with a mace.
The warg barely misses you.
You punch the orc warrior!
The orc warrior is heavily wounded.
The orc warrior closely misses you. The warg barely misses you.
The warg misses you. The orc warrior hits you with a mace!
You pummel the orc warrior!!
You kill the orc warrior!
Cheibriados appreciates the change of pace.
The warg closely misses you. The warg bites you. The orc warrior misses you.
The warg completely misses you. The orc hits you but does no damage.
The warg bites you! The warg bites you but does no damage.
The orc warrior hits you with a glaive! The orc hits you but does no damage.
The warg closely misses you. The warg bites you.
Things that are here:
a mace; a plate armour; an orc corpse You closely miss the orc warrior.
Your headbutt misses the orc warrior. Your punch misses the orc warrior.
You feel less confused. The orc warrior hits you with a glaive!
The warg closely misses you. The orc closely misses you.
You furiously retaliate!
You headbutt the orc!
You kill the orc!
Cheibriados thoroughly appreciates the change of pace.
The warg misses you. You furiously retaliate!
You headbutt the warg!
You kill the warg!
Cheibriados thoroughly appreciates the change of pace.
You hit the orc warrior but do no damage.
You headbutt the orc warrior.
The orc warrior is lightly wounded.
The warg bites you.
You closely miss the orc warrior. You headbutt the orc warrior.
The orc warrior is lightly wounded.
The orc warrior hits you with a glaive!
You die...

##..........[......# ##.#
#...........>#..#....##.##
##.......((.(.........##..##
#..........~~~~~~~~~..###..#
#.#........~#######~..# ##.# #
##.#........~#"...%#~..# #.# ##
##..#.....)..~#.....#~..## #.###.
...##........~#o.)..#~...# #.#...
...##........~#$@h..#~.#.###...##
..........)..~###'###~....#..###
.......####..~#.....'...#>.......
....##....#..~#..)..'...#..#..###
....#####....~###)###~..#..##.###
##.## ##...~#?.)).#~...........
#..# #.#.~#.....#~......)((((
..## #.#.~#.....#~.^.##...... .##
###.~#[...!#~...########


You could see a warg and an orc warrior.

Action                   |  1- 3 |  4- 6 |  7- 9 | 10-12 || total
-------------------------+-------+-------+-------+-------++-------
Melee: Unarmed           |    58 |   114 |   375 |   235 ||   782
       Headbutt          |    15 |    15 |    64 |   103 ||   197
       Punch             |       |     2 |    16 |    25 ||    43
 Abil: Evoke Invisibilit |       |       |     1 |       ||     1
  Use: Scroll            |       |       |    10 |     8 ||    18
       Potion            |       |       |       |     1 ||     1
 Stab: Sleeping          |     1 |     3 |     9 |       ||    13
       Distracted        |       |     1 |       |       ||     1
       Invisible         |       |       |     1 |       ||     1
  Eat: Chunk             |     1 |     7 |    15 |     4 ||    27
       Royal jelly       |       |       |     1 |       ||     1
       Fruit             |       |       |       |     5 ||     5
Armor: Robe              |     3 |    17 |    10 |       ||    30
       Leather armour    |       |       |    86 |       ||    86
       Plate armour      |       |       |     3 |    86 ||    89
       Chain mail        |       |       |       |    47 ||    47
Dodge: Dodged            |    29 |    90 |   195 |   167 ||   481

Notes
Turn   | Place    | Note
--------------------------------------------------------------
     0 | D:1      | Duffy the Minotaur Monk began the quest for the Orb.
     0 | D:1      | Reached XP level 1. HP: 19/19 MP: 0/0
   302 | D:1      | Reached XP level 2. HP: 23/26 MP: 1/1
   485 | D:1      | Reached skill level 5 in Unarmed Combat
   568 | D:1      | You fall through a shaft!
   609 | D:2      | Found a shimmering altar of Xom.
   669 | D:2      | Reached XP level 3. HP: 30/31 MP: 2/2
   885 | D:2      | Found an iron altar of Okawaru.
   896 | D:2      | Reached skill level 6 in Unarmed Combat
  1141 | D:2      | Reached XP level 4. HP: 39/39 MP: 3/3
  1366 | D:3      | Found a white marble altar of Elyvilon.
  1913 | D:3      | Reached skill level 7 in Unarmed Combat
  1913 | D:3      | Reached XP level 5. HP: 20/45 MP: 4/4
  3060 | D:4      | Noticed Grinder
  3072 | D:4      | Paralysed by Grinder for 3 turns
  3080 | D:4      | Killed Grinder
  3080 | D:4      | Reached skill level 8 in Unarmed Combat
  3080 | D:4      | Reached XP level 6. HP: 9/51 MP: 5/5
  3212 | D:4      | Reached skill level 9 in Unarmed Combat
  3575 | D:4      | Reached XP level 7. HP: 50/57 MP: 6/6
  3732 | D:4      | Noticed Crazy Yiuf
  3741 | D:4      | Killed Crazy Yiuf
  4495 | D:4      | Found Fugikkou's Gadget Shop.
  4566 | D:5      | Entered Level 5 of the Dungeon
  4568 | D:5      | Reached skill level 10 in Unarmed Combat
  4828 | D:5      | Found an oddly glowing altar of Pakellas.
  5073 | D:5      | Reached skill level 11 in Unarmed Combat
  5073 | D:5      | Reached XP level 8. HP: 52/64 MP: 7/7
  5100 | D:5      | Found a glowing drain.
  5125 | Sewer    | Entered a sewer
  5321 | Sewer    | Noticed Purgy
  5336 | Sewer    | Killed Purgy
  5737 | D:5      | Reached skill level 12 in Unarmed Combat
  6222 | D:6      | Reached skill level 4 in Fighting
  6229 | D:6      | Found Likijyg's Magic Scroll Boutique.
  6234 | D:6      | Bought a scroll of identify for 24 gold pieces
  6234 | D:6      | Bought a scroll of teleportation for 36 gold pieces
  6234 | D:6      | Bought a scroll of noise for 12 gold pieces
  6234 | D:6      | Bought a scroll of random uselessness for 12 gold pieces
  6234 | D:6      | Bought a scroll of recharging for 114 gold pieces
  6303 | D:6      | Reached skill level 4 in Dodging
  6392 | D:6      | Reached skill level 5 in Fighting
  6566 | D:6      | Found a shattered altar of Ashenzari.
  6582 | D:6      | Reached skill level 5 in Dodging
  6729 | D:6      | Found a sparkling altar of Nemelex Xobeh.
  6744 | D:6      | Reached XP level 9. HP: 74/74 MP: 8/8
  7277 | D:7      | Reached skill level 6 in Fighting
  7299 | D:7      | Reached skill level 6 in Dodging
  7740 | D:7      | Found a staircase to the Ecumenical Temple.
  7746 | D:7      | Noticed Gruesome's ghost (novice OgHu)
  7755 | Temple   | Entered the Ecumenical Temple
  8011 | Temple   | Became a worshipper of Cheibriados the Contemplative
  8011 | Temple   | Reached * piety under Cheibriados
  8011 | Temple   | Reached ** piety under Cheibriados
  8039 | D:7      | Killed Gruesome's ghost
  8039 | D:7      | Reached skill level 7 in Fighting
  8039 | D:7      | Reached skill level 7 in Dodging
  8599 | D:7      | Found a bloodstained altar of Trog.
  8601 | D:7      | Found a stormy altar of Qazlal.
  8604 | D:7      | Found a basalt altar of Yredelemnul.
  8826 | D:8      | Reached skill level 8 in Fighting
  8885 | D:8      | Reached skill level 1 in Evocations
  9098 | D:8      | Found a glowing silver altar of Zin.
  9099 | D:8      | Found an opulent altar of Gozag.
  9104 | D:8      | Reached skill level 2 in Evocations
  9243 | D:8      | Reached *** piety under Cheibriados
  9413 | D:8      | Reached skill level 3 in Evocations
  9413 | D:8      | Reached XP level 10. HP: 88/88 MP: 11/11
  9469 | D:8      | Reached skill level 1 in Armour
  9572 | D:8      | Reached skill level 2 in Armour
  9838 | D:9      | Reached skill level 3 in Armour
  9887 | D:9      | Found a sacrificial altar of Ru.
  9887 | D:9      | Found a shadowy altar of Dithmenos.
  9905 | D:10     | Entered Level 10 of the Dungeon
  9919 | D:10     | Reached skill level 4 in Evocations
  9922 | D:10     | Found a staircase to the Lair.
  9946 | D:10     | Noticed a hill giant
  9950 | D:10     | Reached **** piety under Cheibriados
  9955 | D:10     | Killed a hill giant
  9955 | D:10     | Reached skill level 4 in Armour
  9985 | D:9      | Found a burning altar of Makhleb.
  9985 | D:9      | Found a blossoming altar of Fedhas.
 10227 | D:9      | Reached skill level 5 in Armour
 10227 | D:9      | Reached skill level 5 in Evocations
 10364 | D:9      | Reached skill level 1 in Invocations
 10531 | D:9      | Reached skill level 2 in Invocations
 10535 | D:9      | Reached skill level 6 in Armour
 10543 | D:9      | Reached skill level 3 in Invocations
 10675 | D:9      | Noticed Psyche
 10677 | D:9      | Killed Psyche
 10682 | D:9      | Noticed Gruesome's ghost (novice TrHu)
 10694 | D:9      | Killed Gruesome's ghost
 10694 | D:9      | Reached skill level 7 in Armour
 10694 | D:9      | Reached skill level 4 in Invocations
 10862 | D:9      | Found a shimmering altar of Xom.
 10979 | D:10     | Reached XP level 11. HP: 94/94 MP: 13/13
 11030 | D:10     | Reached ***** piety under Cheibriados
 11222 | D:10     | Gained mutation: Your flesh is cold resistant. [potion of beneficial mutation]
 11438 | D:10     | Reached skill level 5 in Invocations
 11672 | D:11     | Got an ancient ruby amulet
 11673 | D:11     | Identified the amulet of the King {Inacc rN+} (You found it on level 11 of the Dungeon)
 11830 | D:11     | Noticed Harold
 11836 | D:11     | Reached skill level 8 in Armour
 11844 | D:11     | Killed Harold
 12243 | D:11     | Noticed a hill giant
 12249 | D:11     | Killed a hill giant
 12249 | D:11     | Reached skill level 6 in Invocations
 12521 | D:11     | Reached skill level 9 in Armour
 12554 | D:11     | Slain by an orc warrior

Skill      XL: |  1  2  3  4  5  6  7  8  9 10 11 |
---------------+----------------------------------+-----
Unarmed Combat | 5 6 7 8 9 11 12 | 12.3
Fighting       | 5 8 |  8.0
Dodging        | 5 7 |  7.8
Evocations     | 3 5 |  5.0
Armour         | 7 9 |  9.2
Invocations    | 4 6 |  6.5
Stealth        | |  1.5

Vault maps used:
D:1:      evilmike_arrival_hilbert_curve
D:2:      lemuel_crystal_altar, okawaru_ov_weapons_minmay
D:3:      overflow_temple_1_default, first_bread, serial_glass, glass_columns_a,
          glass_columns_b
D:4:      serial_shops, shop, uniq_crazy_yiuf_cottage, uniq_grinder
D:5:      portal_sewer_entry_c, minmay_fountain_box, grunt_ministairs_8,
          roderic_aztec_sauvastika, grunt_pakellas_mercury
D:6:      ashenzari_altar_1, nemelex_deck, serial_shops, kennysheep_little_box
D:7:      minmay_overflow_temple_star_quad, minmay_temple_entry_butterflies
D:8:      grunt_temple_overflow_gold_and_silver, hangedman_pestilent_swarm,
          hangedman_abyss_or_decor_lesser_grid
D:9:      nicolae_overflow_hidden_temple, david_defended_altar_elf, uniq_psyche
D:10:     due_lair_maze_entry_diamond
D:11:     abandoned_shop, nooodl_orcs_dogs, uniq_harold
Temple:   hc_temple_tempest_star_small
Sewer:    kennysheep_door_sewer

Vanquished Creatures
  Harold
  The ghost of Gruesome the Grappler, a novice TrHu of Cheibriados
  The ghost of Gruesome the Basher, a novice OgHu of Cheibriados
  2 hill giants Psyche Grinder
  5 yaks
  A wyvern
  A hungry ghost
  3 hippogriffs
  3 wargs
  A soldier ant
  2 water moccasins Purgy
  3 ice beasts
  4 orc warriors
  3 wasps
  2 black bears
  3 necrophages
  A sky beast
  3 phantoms
  3 ogres
  4 centaurs
  A big kobold
  4 giant frogs
  A wyvern zombie
  4 scorpions
  3 howler monkeys
  An electric eel
  3 centaur zombies
  4 crimson imps
  2 quasits
  A jelly
  2 centaur skeletons
  16 orc wizards
  3 giant frog zombies
  11 orc priests
  5 hounds Crazy Yiuf
  18 worker ants
  2 hound skeletons
  7 gnolls
  17 adders
  A shadow imp
  An ooze
  5 adder skeletons
  6 worms
  3 dart slugs
  7 giant geckos
  30 orcs
  A ball python
  9 bats
  11 giant cockroaches
  4 goblins
  3 hobgoblins
  11 jackals
  5 quokkas
  7 giant newts
  14 kobolds
  15 rats
  A butterfly
  4 fungi
294 creatures vanquished.
